 Dungeon Crawl Stone Soup version 0.17-a0-1647-gb11a595 (console) character file.

1910 Monkaria the Thaumaturge (level 8, -9/41 HPs)
             Began as a Deep Elf Conjurer on Aug 12, 2015.
             Was an Initiate of Vehumet.
             Hit by a large rock thrown by a cyclops (36 damage)
             ... on level 9 of the Dungeon.
             The game lasted 00:11:51 (7488 turns).

Monkaria the Thaumaturge (Deep Elf Conjurer)        Turns: 7488, Time: 00:11:51

Health: -9/41      AC:  6    Str:  1    XL:     8   Next: 94%
Magic:  14/25      EV: 13    Int: 23    God:    Vehumet [......]
Gold:   122        SH:  0    Dex: 15    Spells: 4 memorised, 17 levels left

rFire  . . .     SeeInvis +     B - staff of air
rCold  . . .     Clarity  .     r - +2 robe "Yvixt" {MR+ Str-4 SInv}
rNeg   . . .     SustAt   .     (no shield)
rPois  .         Gourm    .     (no helmet)
rElec  +         Spirit   .     g - +0 cloak
rCorr  .         Warding  .     (no gloves)
rMut   .         Stasis   .     D - +0 pair of boots
MR     +....                    (no amulet)
Stlth  ++........               (no ring)
                                (no ring)

@: somewhat resistant to hostile enchantments, unstealthy
A: no striking features
a: Renounce Religion


You were on level 9 of the Dungeon.
You worshipped Vehumet.
Vehumet was noncommittal.
You were hungry.

You visited 2 branches of the dungeon, and saw 8 of its levels.

You collected 281 gold pieces.
You spent 159 gold pieces at shops.

Inventory:

Missiles
 q - 35 poisoned needles
Armour
 a - a +0 robe
 g - a +0 cloak (worn)
 r - the +2 robe "Yvixt" (worn) {MR+ Str-4 SInv}
   (You bought it in a shop on level 4 of the Dungeon)

   It affects your strength (-4).
   It affects your resistance to hostile enchantments.
   It lets you see invisible.
 D - a +0 pair of boots (worn)
Magical staves
 B - an uncursed staff of air (weapon)
Jewellery
 x - an uncursed amulet of guardian spirit
Magical devices
 t - a wand of polymorph (14)
 y - a wand of paralysis (13)
Scrolls
 d - 3 scrolls of teleportation {unknown}
 h - a scroll of amnesia {unknown}
 j - 10 scrolls of identify {unknown}
 l - a scroll of blinking {unknown}
 n - 2 scrolls of recharging {unknown}
 o - 2 scrolls of enchant weapon {unknown}
 u - 2 scrolls of random uselessness {unknown}
 v - a scroll of remove curse {unknown}
 z - a scroll of noise {unknown}
 C - a scroll of torment {unknown}
 E - a scroll of immolation {unknown}
 F - a scroll of magic mapping {unknown}
Potions
 e - a potion of lignification {unknown}
 k - a potion of cancellation {unknown}
 m - 3 potions of curing
 p - 4 potions of poison {unknown}
 s - 3 potions of heal wounds {unknown}
 w - 3 potions of might
 A - 2 potions of mutation {unknown}
Books
 b - a book of Conjurations

   Spells                             Type                      Level
   a - Magic Dart                     Conjuration                  1
   b - Searing Ray                    Conjuration                  2
   c - Dazzling Spray                 Conjuration/Hexes            3
   d - Fulminant Prism                Conjuration/Hexes            4
   e - Iskenderun's Mystic Blast      Conjuration                  4
   f - Iskenderun's Battlesphere      Conjuration/Charms           5
Comestibles
 c - 3 bread rations
 f - 2 fruits
 i - 2 meat rations


   Skills:
 - Level 2.4 Dodging
 - Level 2.4 Stealth
 * Level 11.0 Spellcasting
 - Level 10.0 Conjurations


You had 17 spell levels left.
You knew the following spells:

 Your Spells              Type           Power        Failure   Level  Hunger
a - Magic Dart            Conj           ####         1%          1    None
b - Searing Ray           Conj           ######       1%          2    None
c - Iskenderun's Mystic   Conj           ######..     1%          4    None
d - Iskenderun's Battles  Conj/Chrm      #####...     21%         5    ####...


Dungeon Overview and Level Annotations

Branches:
Dungeon (9/15)             Temple (1/1) D:5
   Lair: D:8-11         Orc: D:9-12

Altars:
Ashenzari
Cheibriados
Dithmenos
Elyvilon
Gozag
Kikubaaqudgha
Makhleb
Nemelex Xobeh
Okawaru
Qazlal
Ru
Sif Muna
Vehumet
Xom
Yredelemnul
The Shining One

Shops:
D:4 :([[:   D:6 [


Message History

You see here a large rock.
Casting: Searing Ray
Confirm with . or Enter, or press ? or * to list all spells.
Aiming: Iskenderun's Mystic Blast
Press: ? - help, Shift-Dir - straight line, f - cyclops
Aim: a cyclops The orb of energy hits the cyclops.
The cyclops is lightly wounded.
The orb of energy explodes!
Casting: Iskenderun's Mystic Blast
Confirm with . or Enter, or press ? or * to list all spells.
Aiming: Iskenderun's Mystic Blast
Press: ? - help, Shift-Dir - straight line, f/p - cyclops
Aim: a cyclops (lightly wounded)
The orb of energy hits the cyclops.
The cyclops is moderately wounded.
The orb of energy explodes!
The cyclops throws a large rock.
The large rock hits you!!!
Ouch! That really hurt!
You die...

######### #.......#
#.......#
########.......#
...C...@?.(....#
...............######
...######.............
. #.............
+.............
#.............
#..........###
#..........#
...........#


You could see a cyclops.

Vanquished Creatures
  Sigmund (D:2)
  A water moccasin (D:6)
  2 phantoms
  2 ogres (D:6)
  The ghost of Nakatomy the Magician, an average DEWz of Kikubaaqudgha (D:3)
  A scorpion (D:5)
  5 wights (D:6)
  A crimson imp (D:5)
  7 orc priests
  A jelly (D:6)
  4 hounds
  6 orc wizards
  4 worker ants
  Jessica (D:2)
  Natasha (twice) (D:2 D:3)
  A killer bee zombie (D:6)
  2 hound skeletons
  A worker ant zombie (D:5)
  4 adders
  An ooze (D:3)
  An adder zombie (D:5)
  4 worms
  7 giant geckos
  26 orcs
  4 giant cockroaches
  9 goblins
  5 hobgoblins
  19 jackals
  3 quokkas
  4 bats
  A giant gecko skeleton (D:5)
  4 giant newts
  4 kobolds
  8 rats
147 creatures vanquished.

Notes
Turn   | Place    | Note
--------------------------------------------------------------
     0 | D:1      | Monkaria the Deep Elf Conjurer began the quest for the Orb.
     0 | D:1      | Reached XP level 1. HP: 10/10 MP: 6/6
   293 | D:1      | Reached XP level 2. HP: 15/15 MP: 6/8
   439 | D:1      | Reached skill level 5 in Conjurations
   769 | D:2      | Noticed Sigmund
   775 | D:1      | Learned a level 2 spell: Searing Ray
   883 | D:2      | Noticed Natasha
   904 | D:2      | Killed Natasha
   904 | D:2      | Reached XP level 3. HP: 6/19 MP: 5/9
  1237 | D:2      | Reached skill level 6 in Conjurations
  1280 | D:2      | Noticed Jessica
  1282 | D:2      | Killed Jessica
  1282 | D:2      | Reached XP level 4. HP: 24/24 MP: 4/10
  1474 | D:2      | Killed Sigmund
  1474 | D:2      | Reached skill level 7 in Conjurations
  1474 | D:2      | Reached XP level 5. HP: 8/28 MP: 3/11
  1626 | D:2      | Reached skill level 8 in Conjurations
  1892 | D:2      | Reached XP level 6. HP: 32/32 MP: 8/12
  2260 | D:3      | Noticed Nakatomy's ghost (average DEWz)
  2265 | D:3      | Killed Nakatomy's ghost
  2370 | D:3      | Reached skill level 9 in Conjurations
  2527 | D:3      | Found a shimmering altar of Xom.
  2760 | D:3      | Reached XP level 7. HP: 36/36 MP: 8/13
  2831 | D:3      | Noticed Natasha
  2837 | D:3      | Killed Natasha
  3851 | D:3      | Found a shimmering altar of Xom.
  4508 | D:4      | Found a sparkling altar of Nemelex Xobeh.
  4541 | D:4      | Found Hejiuhor's Antique Armour Shoppe.
  4555 | D:4      | Found Irogh's Book Emporium.
  4555 | D:4      | Found Nuacvod's Antique Armour Emporium.
  4558 | D:4      | Bought an ancient robe for 159 gold pieces
  4568 | D:4      | Identified the +2 robe "Yvixt" {MR+ Str-4 SInv} (You bought it in a shop on level 4 of the Dungeon)
  4726 | D:4      | Reached skill level 10 in Conjurations
  4793 | D:4      | Found Qodett's Book Emporium.
  4849 | D:4      | Found an iron altar of Okawaru.
  4859 | D:4      | Found Jownic's Antique Weapon Emporium.
  4950 | D:4      | Found a basalt altar of Yredelemnul.
  4954 | D:4      | Found a white marble altar of Elyvilon.
  5349 | D:3      | You fall through a shaft!
  5456 | D:6      | Reached skill level 5 in Spellcasting
  5469 | D:6      | Learned a level 4 spell: Iskenderun's Mystic Blast
  5475 | D:6      | Learned a level 5 spell: Iskenderun's Battlesphere
  5660 | D:6      | Reached XP level 8. HP: 38/41 MP: 8/19
  6265 | D:6      | Reached skill level 10 in Spellcasting
  6314 | D:6      | Found Koychoil's Armour Emporium.
  6621 | D:5      | Entered Level 5 of the Dungeon
  6638 | D:5      | Found a shadowy altar of Dithmenos.
  7179 | D:5      | Found a staircase to the Ecumenical Temple.
  7199 | Temple   | Entered the Ecumenical Temple
  7249 | Temple   | Became a worshipper of Vehumet
  7470 | D:6      | You fall through a shaft!
  7474 | D:9      | Reached skill level 11 in Spellcasting
  7483 | D:9      | Noticed a cyclops
  7488 | D:9      | Hit by a large rock thrown by a cyclops

Vault maps used:
D:1:      dpeg_arrival_simpleton_c
D:2:      first_bread, uniq_sigmund, uniq_natasha, uniq_jessica
D:3:      lemuel_crystal_altar
D:4:      lemuel_doored_altar, nicolae_overflow_hidden_temple,
          nicolae_overflow_crystal_walls, kennysheep_mini_moat, serial_shops,
          shop, shop_statue, shop_fountains, shop, shop
D:5:      temple_doors_c, basic_altar
D:6:      serial_shops, nicolae_shop_behind_doors, due_unseen_surprise
D:9:      bloody_trog
Temple:   triangle_lava_temple_11

Action                   |  1- 3 |  4- 6 |  7- 9 || total
-------------------------+-------+-------+-------++-------
Melee: Unarmed           |       |     2 |     6 ||     8
 Cast: Magic Dart        |    40 |    28 |    95 ||   163
       Searing Ray       |     2 |    15 |    44 ||    61
       Iskenderun's Myst |       |       |     2 ||     2
  Use: Potion            |     2 |       |       ||     2
  Eat: Chunk             |     1 |     5 |    14 ||    20
